 Dungeon Crawl Stone Soup version 0.32-a0-779-g362cfcae2a (webtiles) character file.

Game seed: 6620335223009588085

2693 kaiyo the Protected (level 9, -7/75 HPs)
             Began as a Minotaur Fighter on Mar 18, 2024.
             Was a Follower of the Shining One.
             Mangled by a two-headed ogre
             ... wielding a +0 giant club
              (20 damage)
             ... on level 8 of the Dungeon on Mar 19, 2024.
             The game lasted 00:24:59 (8099 turns).

kaiyo the Protected (Minotaur Fighter)              Turns: 8099, Time: 00:25:00

Health: -7/75      AC: 14    Str: 24    XL:     9   Next: 38%
Magic:  8/8        EV:  7    Int:  5    God:    the Shining One [*.....]
Gold:   182        SH:  5    Dex: 11    Spells: 8/8 levels left

rFire   + . .        J - +6 short sword
rCold   . . .        c - +0 buckler
rNeg    + . .        v - +0 plate armour
rPois   .            (helmet restricted)
rElec   .            (no cloak)
rCorr   .            (no gloves)
SInv    .            (no boots)
Will    .....        (no amulet) Stlth
                     z - ring of positive energy
HPRegen 0.32/turn    F - ring of protection from fire
MPRegen 0.11/turn

%: no passive effects
@: glowing
A: horns 2, retaliatory headbutt
a: Renounce Religion, Divine Shield


You were on level 8 of the Dungeon.
You worshipped the Shining One.
The Shining One was aware of your devotion.
You visited 1 branch of the dungeon, and saw 8 of its levels.

You collected 316 gold pieces.
You spent 134 gold pieces at shops.

Inventory:

Hand Weapons
 a - a +0 flail
 j - a +2 dagger of flaming
 x - a +1 flail of venom
 J - a +6 short sword (weapon)
 K - a +2 falchion of freezing
Missiles
 f - 66 stones
 h - 8 boomerangs
 A - 12 darts of dispersal (quivered)
 C - 6 poisoned darts
 G - 2 throwing nets
Armour
 b - a +0 scale mail
 c - a +0 buckler (worn)
 m - a +0 chain mail
 p - a +2 robe of resistance
 v - a +0 plate armour (worn)
 w - a +3 ring mail of poison resistance
Jewellery
 z - a ring of positive energy (left hand)
 B - a ring of magical power
 F - a ring of protection from fire (right hand)
 H - a +6 ring of intelligence
Talismans
 I - a maw talisman
Wands
 n - a wand of roots (25)
 E - a wand of flame (4)
Scrolls
 g - 2 scrolls of noise {unknown}
 i - 8 scrolls of identify
 k - 4 scrolls of revelation {unknown}
 l - a scroll of blinking {unknown}
 o - 3 scrolls of poison {unknown}
 q - a scroll of teleportation {unknown}
 s - a scroll of torment {unknown}
 y - a scroll of acquirement {unknown}
Potions
 d - 2 potions of brilliance
 e - 2 potions of magic
 r - a potion of attraction
 t - 3 potions of haste
 D - a potion of invisibility


   Skills:
 + Level 6.0 Fighting
 + Level 7.6 Short Blades
 + Level 3.3 Maces & Flails
 + Level 10.2 Armour
 + Level 3.2 Dodging
 + Level 1.3 Stealth
 + Level 6.3 Shields
 + Level 0.1 Evocations


You had 8 spell levels left.
You didn't know any spells.
Your spell library contained the following spells:

 Spells                   Type           Power      Damage    Failure   Level
 Apportation              Tloc           0%         N/A       100%        1
 Freeze                   Ice            0%         1d3       100%        1
 Necrotise                Necr           0%         1d4       100%        1
 Sting                    Conj/Alch      0%         1d3       100%        1
 Summon Small Mammal      Summ           0%         N/A       100%        1
 Call Imp                 Summ           0%         N/A       100%        2
 Cigotuvi's Dreadful Rot  Necr/Alch/Air  0%         N/A       100%        2
 Mercury Vapours          Alch/Air       0%         N/A       100%        2
 Sublimation of Blood     Necr           0%         N/A       100%        2
 Frozen Ramparts          Ice            0%         1d1       100%        3
 Hailstorm                Conj/Ice       0%         3d5       100%        3
 Mephitic Cloud           Conj/Alch/Air  0%         N/A       100%        3
 Tukima's Dance           Hex            0%         N/A       100%        3
 Dispel Undead            Necr           0%         3d6       100%        4
 Martyr's Knell           Necr/Summ      0%         N/A       100%        4
 Passage of Golubria      Tloc           0%         N/A       100%        4
 Freezing Cloud           Conj/Ice/Air   0%         6-21      100%        5
 Yara's Violent Unravell  Hex/Alch       0%         3d3       100%        5
 Summon Hydra             Summ           0%         N/A       100%        7


Dungeon Overview and Level Annotations

Branches:
Dungeon (8/15)             Temple (0/1) D:7
   Lair: D:8-11

Altars:
Cheibriados
Dithmenos
Elyvilon
Gozag
Sif Muna
The Shining One

Shops:
D:6 *


Innate Abilities, Weirdness & Mutations

You have a pair of horns on your head.
You reflexively headbutt those who attack you in melee.


Message History

The two-headed ogre is moderately wounded.
You hit the two-headed ogre but do no damage.
The two-headed ogre is moderately wounded.
The two-headed ogre hits you with a +0 giant club!
* * * LOW HITPOINT WARNING * * *
The two-headed ogre barely misses you.
You puncture the two-headed ogre!
The two-headed ogre is moderately wounded.
You hit the two-headed ogre but do no damage.
The two-headed ogre is moderately wounded.
You hit the two-headed ogre but do no damage.
You headbutt the two-headed ogre.
The two-headed ogre is heavily wounded.
The two-headed ogre hits you with a +0 giant club!
* * * LOW HITPOINT WARNING * * *
The two-headed ogre closely misses you.
You feel much better.
You hit the two-headed ogre but do no damage.
You headbutt the two-headed ogre!
The two-headed ogre is severely wounded.
The two-headed ogre barely misses you.
The two-headed ogre hits you with a +0 giant spiked club!
You hit the two-headed ogre.
The two-headed ogre is severely wounded.
You hit the two-headed ogre.
You headbutt the two-headed ogre, but do no damage.
The two-headed ogre is severely wounded.
You block the two-headed ogre's attack.
The two-headed ogre hits you with a +0 giant spiked club!
* * * LOW HITPOINT WARNING * * *
As you read the scroll labelled POUWEY ECIUMIE, it crumbles to dust.
It is a scroll of identify.
t - 3 potions of haste You block the two-headed ogre's attack.
The two-headed ogre closely misses you.
As you read the scroll of identify, it crumbles to dust.
d - 2 potions of brilliance
As you read the scroll of identify, it crumbles to dust.
r - a potion of attraction The two-headed ogre hits you with a +0 giant club!!
You die...

### .#
.##..########.#
...............
#.......<....
.##......../...
......O@.......
...............
.######.####..#
##..##.## #
+.......#
#...<...#
#......##
#.###### ##


You could see a two-headed ogre.

Vanquished Creatures
  Grinder (D:5)
  Sigmund (D:5)
  Menkaure (D:4)
  Edmund (D:5)
  A water moccasin (D:5)
  2 sky beasts
  A black bear (D:7)
  An ogre (D:5)
  A centaur (D:5)
  3 phantoms
  2 bullfrogs (D:7)
  5 scorpions
  3 wights (D:7)
  A howler monkey (D:6)
  2 bombardier beetles
  3 jellies
  A hound (D:7)
  An orc priest (D:6)
  3 iguanas
  Jessica (D:2)
  A sleepcap (D:7)
  A gnoll bouda (D:7)
  2 orc wizards (D:6)
  A hound zombie (D:2)
  8 gnolls
  7 adders
  A shadow imp (D:7)
  2 ufetubi (D:7)
  5 dart slugs
  4 ribbon worms
  22 orcs
  2 ball pythons (D:3)
  4 bats
  6 endoplasms
  4 giant cockroaches
  3 hobgoblins
  7 jackals
  2 quokkas
  A ball python skeleton (D:2)
  2 frilled lizards
  A giant cockroach zombie (D:2)
  3 goblins
  16 kobolds
  5 rats
145 creatures vanquished.

Notes
Turn   | Place    | Note
-------+----------+-------------------------------------------
     0 | D:1      | kaiyo the Minotaur Fighter began the quest for the Orb.
     0 | D:1      | Reached XP level 1. HP: 19/19 MP: 0/0
   267 | D:1      | Reached XP level 2. HP: 27/27 MP: 1/1
   275 | D:1      | Reached skill level 4 in Armour
   487 | D:1      | You fall into a shaft and drop 1 floor!
   513 | D:2      | Reached XP level 3. HP: 27/33 MP: 2/2
   653 | D:2      | Noticed Jessica
   704 | D:3      | Found a shadowy altar of Dithmenos.
  1060 | D:3      | Found a glowing golden altar of the Shining One.
  1065 | D:3      | Became a worshipper of the Shining One
  1380 | D:1      | Reached XP level 4. HP: 40/40 MP: 3/3
  1995 | D:2      | Killed Jessica
  1996 | D:2      | Reached skill level 5 in Armour
  2014 | D:2      | Reached skill level 1 in Short Blades
  2019 | D:2      | Reached skill level 1 in Dodging
  2019 | D:2      | Reached XP level 5. HP: 7/46 MP: 4/4
  3509 | D:4      | Found a shimmering blue altar of Sif Muna.
  3549 | D:4      | Found an opulent altar of Gozag.
  3932 | D:4      | Noticed Menkaure
  3940 | D:4      | Killed Menkaure
  3941 | D:4      | Reached skill level 6 in Armour
  3941 | D:4      | Reached XP level 6. HP: 44/53 MP: 5/5
  4189 | D:5      | Entered Level 5 of the Dungeon
  4306 | D:5      | Noticed a water moccasin
  4319 | D:5      | Killed a water moccasin
  4498 | D:5      | Reached XP level 7. HP: 60/60 MP: 6/6
  4502 | D:5      | Noticed Edmund
  4522 | D:5      | Killed Edmund
  4745 | D:5      | Reached skill level 7 in Armour
  4811 | D:5      | Reached skill level 5 in Shields
  4921 | D:5      | Reached skill level 5 in Short Blades
  4944 | D:5      | Reached XP level 8. HP: 56/67 MP: 7/7
  5076 | D:5      | Reached skill level 5 in Fighting
  5267 | D:5      | Noticed Sigmund
  5277 | D:5      | Killed Sigmund
  5278 | D:5      | Reached skill level 8 in Armour
  5304 | D:5      | Noticed Grinder
  5307 | D:5      | Paralysed by Grinder for 2 turns
  5322 | D:5      | Killed Grinder
  5322 | D:5      | Reached * piety under the Shining One
  5323 | D:5      | Reached skill level 1 in Stealth
  6246 | D:6      | Reached skill level 9 in Armour
  6973 | D:6      | Reached XP level 9. HP: 74/74 MP: 8/8
  7063 | D:6      | Found Meowes's General Store.
  7069 | D:6      | Bought a wand of roots (4) for 134 gold pieces
  7136 | D:7      | Found a staircase to the Ecumenical Temple.
  7177 | D:7      | Found a white marble altar of Elyvilon.
  7417 | D:7      | Reached skill level 10 in Armour
  7984 | D:7      | Found a snail-covered altar of Cheibriados.
  8081 | D:8      | Upgraded the game from 0.32-a0-768-g0f6f1dd4b9 to
                  | 0.32-a0-779-g362cfcae2a
  8082 | D:8      | Noticed a two-headed ogre
  8092 | D:8      | HP: 1/75 [two-headed ogre/+0 giant club (16)]
  8099 | D:8      | Mangled by a two-headed ogre

Illustrated notes

Levels and vault maps discovered:
D:1:      evilmike_arrival_rings, layout_loops_corners, corexii_leaking_fountain
D:2:      layout_loops_cross, serial_undead, serial_undead_d, serial_undead_f,
          serial_undead_b, serial_undead_c, minivault_24, uniq_jessica
D:3:      layout_basic, tso_oasis_becter, mainiacjoe_overflow_small_starburst
D:4:      layout_basic, mainiacjoe_overflow_two_lobes, uniq_menkaure
D:5:      layout_layer_cave, uniq_edmund, uniq_sigmund, uniq_grinder
D:6:      layout_basic, serial_shops, nicolae_shop_back_alley_shop,
          minmay_unpleasant_kobolds
D:7:      layout_basic, kennysheep_little_box, elyvilon_altar_3,
          minmay_temple_entry_arrows
D:8:      layout_gridville, yredelemnul_altar_generic, minivault_10,
          st_stairs_3, uniq_prince_ribbit1, uniq_gastronok

Skill      XL: |  1  2  3  4  5  6  7  8  9 |
---------------+----------------------------+-----
Armour         | 4 5 6 7 9 10 | 10.2
Fighting       | 4 5 6 |  6.0
Shields        | 4 5 6 |  6.3
Maces & Flails | 3 |  3.3
Short Blades   | 1 2 3 5 6 7 |  7.6
Dodging        | 1 2 3 |  3.2
Stealth        | 1 |  1.3
Evocations     | |  0.1

Action                     |  1- 3 |  4- 6 |  7- 9 || total
---------------------------+-------+-------+-------++-------
  Melee: Flail             |    28 |       |       ||    28
         Dagger            |    56 |   130 |   287 ||   473
         Headbutt          |    12 |    28 |    91 ||   131
         Short sword       |       |       |     9 ||     9
  Evoke: Wand              |     1 |     2 |       ||     3
    Use: Potion            |     2 |       |     4 ||     6
         Scroll            |       |       |     3 ||     3
 Armour: Scale mail        |    75 |       |       ||    75
         Chain mail        |    40 |    58 |       ||    98
         Robe              |       |    12 |       ||    12
         Skin              |       |     2 |       ||     2
         Plate armour      |       |    10 |   235 ||   245
  Dodge: Dodged            |    48 |    47 |    99 ||   194
  Block: Buckler           |    21 |    32 |    65 ||   118

Table legend: (Time is in decaauts)
 A = Elapsed time spent in this place.
 B = Non-inter-level travel time spent in this place.
 C = Inter-level travel time spent in this place.
 D = Time resting spent in this place.
 E = Time spent auto-exploring this place.
 F = Levels seen in this place.
 G = Mean time per level.
                   A        B        C        D        E       F      G
               +--------+--------+--------+--------+--------+-----+--------+
         Total |   8026 |   7593 |    433 |    783 |   4322 |   8 | 1003.2 |
       Dungeon |   8026 |   7593 |    433 |    783 |   4322 |   8 | 1003.2 |
               +--------+--------+--------+--------+--------+-----+--------+

Top non-repeatable levels by time:
     D:5: 1803 daAuts
     D:3: 1196 daAuts
     D:2: 1064 daAuts
     D:6: 1041 daAuts
     D:4: 1001 daAuts
     D:7: 965 daAuts
     D:1: 938 daAuts
     D:8: 15 daAuts
